 Dungeon Crawl Stone Soup version 0.22.1-1-ga44c0e5 (webtiles) character file.

107 dvd the Gusty (level 4, 0/24 HPs)
             Began as a Tengu Air Elementalist on Oct 29, 2018.
             Slain by a gnoll (4 damage)
             ... on level 2 of the Dungeon.
             The game lasted 00:07:27 (1979 turns).

dvd the Gusty (Tengu Air Elementalist)              Turns: 1979, Time: 00:07:28

Health: 0/24       AC:  2    Str:  9    XL:     4   Next: 85%
Magic:  1/8        EV: 12    Int: 16    God:
Gold:   60         SH:  0    Dex: 14    Spells: 2/8 levels left

rFire    . . .     SeeInvis .   n - +0 dagger (freeze)
rCold    . . .     Gourm    .   (no shield)
rNeg     + . .     Faith    .   a - +0 robe
rPois    .         Spirit   .   (helmet restricted)
rElec    .         Reflect  .   (no cloak)
rCorr    .         Harm     .   (no gloves)
MR       .....                  (boots unavailable)
Stlth    ++........             (no amulet)
HPRegen  0.08/turn              o - ring of positive energy
MPRegen  0.11/turn              (no ring)

@: very slightly contaminated
A: beak, talons 3
a: no special abilities


You were on level 2 of the Dungeon.
You were not hungry.

You visited 1 branch of the dungeon, and saw 2 of its levels.

You collected 60 gold pieces.

Inventory:

Hand Weapons
 m - a +0 hand axe
 n - a +0 dagger of freezing (weapon)
 p - a +0 short sword
Armour
 a - a +0 robe (worn)
 h - a +0 shield
 j - a +3 scale mail
Jewellery
 o - a ring of positive energy (left hand)
Scrolls
 e - a scroll of amnesia {unknown}
 g - a scroll of identify
 i - a scroll of remove curse
 k - 2 scrolls of teleportation {unknown}
Potions
 b - a potion of curing {unknown}
 d - a potion of lignification {unknown}
 f - a potion of flight
Comestibles
 c - 3 rations
 l - 5 chunks of flesh


   Skills:
 + Level 2.2 Dodging
 + Level 3.2 Stealth
 + Level 2.6 Spellcasting
 + Level 2.5 Conjurations
 + Level 5.2 Air Magic


You had 2 spell levels left.
You knew the following spells:

 Your Spells              Type           Power        Failure   Level  Hunger
a - Shock                 Conj/Air       ##..         3%          1    #......
b - Static Discharge      Conj/Air       ##......     12%         3    ###....
c - Swiftness             Chrm/Air       ##......     10%         2    ##.....

Your spell library contained the following spells:

 Spells                   Type           Power        Failure   Level  Hunger
 Airstrike                Air            ###.......   22%         4    #####..
 Lightning Bolt           Conj/Air       ##........   71%         5    ######.


Dungeon Overview and Level Annotations

Branches:
Dungeon (2/15)

Altars:


Innate Abilities, Weirdness & Mutations

You have a beak for a mouth.
You have claws for feet.


Message History

The gnoll throws a throwing net.
The throwing net hits you.
You become entangled in the net!
You struggle against the net.
You tear a large gash into the net.
The gnoll barely misses you.
You rip the net and break free!
The gnoll misses you.
The gnoll throws a throwing net.
The throwing net hits you.
You become entangled in the net!
You see here a throwing net.
You tear a large gash into the net.
You struggle against the net.
You struggle against the net.
The gnoll hits you. The gnoll completely misses you.
The gnoll hits you with a flail!
Ouch! That really hurt!
You shred the net and break free! The gnoll barely misses you. x2
A kobold comes into view.
The kobold shouts!
The gnoll hits you from afar with a trident.
* * * LOW HITPOINT WARNING * * *
The gnoll hits you.
You die...

.......#.## #.....#
.###..##.####.....#
...#............).###
#...##..####.......#
..#..##.####......###
....g.............#
............#.....#
............).ggg.######
###.####....#...@.....K.#
#. #....###.........# #.
#................# ##
##.######........# ..#
#........# #........#
##########


You could see 3 gnolls and a kobold.

Vanquished Creatures
  An iguana (D:2)
  A gnoll (D:2)
  An adder (D:2)
  A worm (D:2)
  4 dart slugs
  3 leopard geckos
  4 bats
  3 giant cockroaches
  6 goblins
  7 hobgoblins
  4 jackals (D:1)
  4 frilled lizards
  3 kobolds
  3 rats
45 creatures vanquished.

Notes
Turn   | Place    | Note
-------+----------+-------------------------------------------
     0 | D:1      | dvd the Tengu Air Elementalist began the quest for the Orb.
     0 | D:1      | Reached XP level 1. HP: 10/10 MP: 4/4
   227 | D:1      | Reached XP level 2. HP: 15/15 MP: 4/6
   710 | D:1      | Reached XP level 3. HP: 19/19 MP: 3/7
   754 | D:1      | Learned a level 3 spell: Static Discharge
   846 | D:1      | Reached skill level 5 in Air Magic
  1726 | D:1      | Learned a level 2 spell: Swiftness
  1779 | D:2      | Reached XP level 4. HP: 24/24 MP: 4/8
  1979 | D:2      | Slain by a gnoll

Skill      XL: |  1  2  3  4 |
---------------+-------------+-----
Air Magic      | 5 |  5.2
Conjurations   | 2 |  2.5
Stealth        | 3 |  3.2
Dodging        | |  2.2
Spellcasting   | |  2.6

Action                   |  1- 3 |  4- 6 || total
-------------------------+-------+-------++-------
Melee: Unarmed           |     2 |       ||     2
       Dagger            |     5 |     2 ||     7
       Kick              |     1 |       ||     1
       Peck              |     1 |       ||     1
 Cast: Shock             |    76 |    19 ||    95
       Static Discharge  |     1 |       ||     1
  Use: Scroll            |       |     2 ||     2
 Stab: Sleeping          |     3 |       ||     3
  Eat: Chunk             |     4 |       ||     4
Armor: Robe              |     4 |     1 ||     5
Dodge: Dodged            |    12 |     9 ||    21
